General information
- name: BNet
- type: Ladder team game (AT/RT)
- host: Battle.net
- saver: TheKings
map: FullScaleAssault
- players: 8
- length: 53:21
- speed: Fast
- version: 1.26 W3XP
- replay type: Public
» download(307 KB)
Players
team 1 (winner)
ILoveToSuck (
blue | 28 APM | 1490 actions | 53:21)
7 Archmage
3 Summon Water Elemental
3 Brilliance Aura
1 Mass Teleport
» actions
| Build / train | 77 | |
| Enter build submenu | 11 | |
| Enter hero's abilities submenu | 7 | |
| Remove unit from queue | 6 | |
| Right click | 1036 | |
| Select / deselect | 315 | |
| Use ability | 38 | |
1490 total
» units
| Peasant | 19 | |
| Rifleman | 15 | |
| Knight | 13 | |
47 total
» upgrades
| Gunpowder | 2 | |
| Armor | 2 | |
| Long Rifles | 1 | |
| Swords | 2 | |
| Plating | 2 | |
| Animal War Training | 1 | |
10 total
» buildings
| Altar of Kings | 1 | |
| Farm | 8 | |
| Blacksmith | 1 | |
| Barracks | 2 | |
| Keep | 1 | |
| Arcane Vault | 1 | |
| Castle | 1 | |
| Lumber Mill | 1 | |
16 total
» build order
00:13 Altar of Kings
00:32 Farm
01:09 Blacksmith
01:34 Barracks
01:47 Farm
01:48 Farm
05:27 Keep
05:34 Farm
05:35 Farm
05:37 Farm
07:27 Farm
08:32 Farm
08:35 Arcane Vault
10:49 Castle
13:08 Lumber Mill
14:06 Barracks
» items
| Scroll of Regeneration | 2 | |
| Scroll of Town Portal | 1 | |
3 total

»
orcsturnup (
green | 30 APM | 168 actions | 05:38)
2 Crypt Lord
1 Carrion Beetles
1 Spiked Carapace
» actions
| Build / train | 16 | |
| Enter build submenu | 9 | |
| Enter hero's abilities submenu | 2 | |
| Right click | 49 | |
| Select / deselect | 79 | |
| Use ability | 13 | |
168 total
» units
| Acolyte | 2 | |
| Ghoul | 5 | |
| Crypt Fiend | 4 | |
11 total
» buildings
| Ziggurat | 5 | |
| Altar of Darkness | 1 | |
| Crypt | 1 | |
| Tomb of Relics | 1 | |
| Graveyard | 1 | |
| Halls of the Dead | 1 | |
| Nerubian Tower | 1 | |
11 total
» build order
00:17 Ziggurat
00:28 Altar of Darkness
00:37 Crypt
01:01 Ziggurat
01:15 Tomb of Relics
02:02 Graveyard
02:35 Ziggurat
03:14 Ziggurat
04:44 Halls of the Dead
04:46 Nerubian Tower
04:53 Ziggurat
KingTurtle (
purple | 56 APM | 2982 actions | 53:17)
9 Blademaster
3 Wind Walk
3 Critical Strike
1 Bladestorm
2 Mirror Image
» actions
| Assign group hotkey | 324 | |
| Basic commands | 112 | |
| Build / train | 95 | |
| Enter build submenu | 65 | |
| Enter hero's abilities submenu | 9 | |
| Give item / drop item | 18 | |
| Remove unit from queue | 4 | |
| Right click | 1150 | |
| Select / deselect | 570 | |
| Select group hotkey | 414 | |
| Use ability | 221 | |
2982 total
» units
| Peon | 8 | |
| Grunt | 5 | |
| Goblin Shredder | 1 | |
| Wind Rider | 7 | |
| Goblin Zeppelin | 3 | |
| Raider | 1 | |
| Goblin Sapper | 4 | |
| Troll Batrider | 4 | |
| Blue Dragon | 1 | |
34 total
» upgrades
| Ranged Weapons | 3 | |
| Armor | 3 | |
| Troll Regeneration | 1 | |
| Envenomed Spears | 1 | |
| Reinforced Defenses | 1 | |
| Melee Weapons | 3 | |
| Pillage | 1 | |
| Spiked Barricades | 3 | |
| Ensnare | 1 | |
| Liquid Fire | 1 | |
18 total
» buildings
| Orc Burrow | 5 | |
| Altar of Storms | 1 | |
| Barracks | 1 | |
| Voodoo Lounge | 4 | |
| Stronghold | 1 | |
| War Mill | 2 | |
| Great Hall | 3 | |
| Watch Tower | 56 | |
| Beastiary | 9 | |
| Fortress | 1 | |
83 total
» build order
00:16 Orc Burrow
00:50 Altar of Storms
00:51 Barracks
01:11 Orc Burrow
02:00 Voodoo Lounge
02:58 Stronghold
03:49 Orc Burrow
04:49 War Mill
05:07 Great Hall
06:28 Watch Tower
06:29 Watch Tower
06:30 Watch Tower
06:31 Watch Tower
07:48 Voodoo Lounge
08:20 Beastiary
08:20 Beastiary
08:23 Beastiary
08:26 Beastiary
09:46 Fortress
10:29 War Mill
11:14 Watch Tower
11:14 Watch Tower
11:15 Watch Tower
11:16 Watch Tower
11:25 Orc Burrow
11:29 Watch Tower
11:30 Watch Tower
11:55 Orc Burrow
13:41 Watch Tower
13:41 Watch Tower
13:42 Watch Tower
13:42 Watch Tower
13:44 Watch Tower
13:44 Watch Tower
19:04 Voodoo Lounge
19:08 Voodoo Lounge
19:48 Watch Tower
19:48 Watch Tower
19:49 Watch Tower
19:51 Watch Tower
19:52 Watch Tower
19:53 Watch Tower
19:57 Watch Tower
28:51 Beastiary
31:50 Great Hall
31:54 Watch Tower
31:55 Watch Tower
31:56 Watch Tower
31:57 Watch Tower
31:57 Watch Tower
31:58 Watch Tower
31:59 Watch Tower
33:50 Great Hall
33:52 Watch Tower
33:53 Watch Tower
33:53 Watch Tower
33:54 Watch Tower
33:56 Watch Tower
33:57 Watch Tower
33:57 Watch Tower
33:57 Watch Tower
39:50 Watch Tower
39:51 Watch Tower
39:52 Watch Tower
39:53 Watch Tower
39:54 Watch Tower
39:54 Watch Tower
43:05 Beastiary
43:09 Beastiary
43:12 Beastiary
44:14 Beastiary
44:18 Watch Tower
44:18 Watch Tower
44:19 Watch Tower
44:19 Watch Tower
44:21 Watch Tower
44:22 Watch Tower
44:23 Watch Tower
44:23 Watch Tower
» items
| Healing Salve | 7 | |
| Scroll of Healing | 1 | |
| Lesser Clarity Potion | 5 | |
| Boots of Speed | 1 | |
| Periapt of Vitality | 1 | |
| Scroll of Town Portal | 7 | |
| Orb of Lightning | 1 | |
| Potion of Mana | 3 | |
| Potion of Healing | 1 | |
27 total
NEW.COWBOY (
teal | 59 APM | 3157 actions | 53:19)
7 Shadow Hunter
3 Hex
3 Healing Wave
1 Big Bad Voodoo
» actions
| Assign group hotkey | 57 | |
| Basic commands | 80 | |
| Build / train | 97 | |
| Enter build submenu | 26 | |
| Enter hero's abilities submenu | 7 | |
| Give item / drop item | 2 | |
| Remove unit from queue | 2 | |
| Right click | 1344 | |
| Select / deselect | 382 | |
| Select group hotkey | 866 | |
| Use ability | 294 | |
3157 total
» units
| Peon | 13 | |
| Raider | 12 | |
| Goblin Zeppelin | 2 | |
| Acolyte | 1 | |
| Goblin Shredder | 1 | |
| Frost Wyrm | 4 | |
| Troll Batrider | 2 | |
| Troll Witch Doctor | 10 | |
45 total
» upgrades
| Melee Weapons | 2 | |
| Armor | 2 | |
| Ensnare | 1 | |
| Reinforced Defenses | 1 | |
| Pillage | 1 | |
| Shaman Training | 2 | |
| Creature Attack | 1 | |
| Creature Carapace | 1 | |
| Liquid Fire | 1 | |
| Ranged Weapons | 1 | |
| Spiked Barricades | 2 | |
| Witch Doctor Training | 2 | |
17 total
» buildings
| Altar of Storms | 1 | |
| Orc Burrow | 6 | |
| Voodoo Lounge | 1 | |
| Stronghold | 3 | |
| War Mill | 1 | |
| Beastiary | 3 | |
| Fortress | 2 | |
| Spirit Lodge | 3 | |
| Watch Tower | 59 | |
| Sacrificial Pit | 1 | |
| Black Citadel | 2 | |
| Boneyard | 3 | |
| Ziggurat | 3 | |
| Great Hall | 1 | |
89 total
» build order
00:13 Altar of Storms
00:21 Orc Burrow
00:52 Voodoo Lounge
02:08 Stronghold
02:36 War Mill
02:41 Orc Burrow
02:42 Orc Burrow
02:43 Orc Burrow
04:45 Beastiary
04:46 Beastiary
05:32 Fortress
11:15 Spirit Lodge
12:06 Watch Tower
12:07 Watch Tower
12:07 Watch Tower
12:08 Watch Tower
13:42 Watch Tower
13:43 Watch Tower
14:03 Beastiary
14:43 Sacrificial Pit
15:01 Black Citadel
16:18 Watch Tower
16:18 Watch Tower
17:43 Boneyard
17:44 Boneyard
17:46 Boneyard
17:48 Ziggurat
17:49 Ziggurat
17:49 Ziggurat
21:57 Great Hall
21:59 Watch Tower
21:59 Watch Tower
22:00 Watch Tower
22:01 Watch Tower
22:02 Watch Tower
22:02 Watch Tower
24:11 Watch Tower
24:11 Watch Tower
25:09 Watch Tower
25:10 Watch Tower
25:11 Watch Tower
25:11 Watch Tower
25:57 Watch Tower
25:58 Watch Tower
25:59 Watch Tower
25:59 Watch Tower
26:00 Watch Tower
26:00 Watch Tower
26:01 Watch Tower
26:01 Watch Tower
26:03 Watch Tower
26:03 Watch Tower
26:03 Watch Tower
28:39 Watch Tower
28:39 Watch Tower
28:39 Watch Tower
28:40 Watch Tower
28:42 Stronghold
29:10 Watch Tower
29:10 Watch Tower
29:11 Watch Tower
29:11 Watch Tower
29:12 Watch Tower
29:12 Watch Tower
29:12 Watch Tower
29:13 Watch Tower
29:13 Watch Tower
30:18 Watch Tower
30:18 Watch Tower
30:19 Watch Tower
30:20 Watch Tower
30:21 Watch Tower
30:21 Watch Tower
30:23 Watch Tower
30:24 Watch Tower
31:06 Watch Tower
31:07 Watch Tower
34:08 Watch Tower
34:48 Fortress
46:09 Spirit Lodge
46:10 Spirit Lodge
46:13 Orc Burrow
46:14 Orc Burrow
» items
| Healing Salve | 2 | |
| Lesser Clarity Potion | 3 | |
| Scroll of Town Portal | 5 | |
| Scroll of Speed | 1 | |
| Potion of Mana | 1 | |
| Potion of Lesser Invulnerability | 1 | |
| Boots of Speed | 1 | |
| Staff of Teleportation | 1 | |
15 total
team 2 (loser)

»
BongRipOneSec (
pink | 37 APM | 1898 actions | 51:35)
5 Mountain King
2 Storm Bolt
3 Bash
3 Archmage
1 Summon Water Elemental
2 Brilliance Aura
3 Paladin
1 Holy Light
1 Devotion Aura
1 Divine Shield
» actions
| Assign group hotkey | 126 | |
| Basic commands | 134 | |
| Build / train | 102 | |
| Enter build submenu | 31 | |
| Enter hero's abilities submenu | 11 | |
| Give item / drop item | 1 | |
| Remove unit from queue | 1 | |
| Right click | 293 | |
| Select / deselect | 363 | |
| Select group hotkey | 729 | |
| Use ability | 107 | |
1898 total
» units
| Peasant | 16 | |
| Footman | 2 | |
| Rifleman | 12 | |
| Siege Engine | 20 | |
| Knight | 5 | |
| Gryphon Rider | 2 | |
57 total
» upgrades
| Gunpowder | 3 | |
| Masonry | 3 | |
| Lumber Harvesting | 2 | |
| Barrage | 1 | |
| Long Rifles | 1 | |
| Armor | 3 | |
| Plating | 3 | |
| Animal War Training | 1 | |
17 total
» buildings
| Farm | 13 | |
| Altar of Kings | 1 | |
| Barracks | 1 | |
| Lumber Mill | 1 | |
| Blacksmith | 1 | |
| Keep | 1 | |
| Scout Tower | 5 | |
| Arcane Vault | 1 | |
| Guard Tower | 5 | |
| Town Hall | 3 | |
| Castle | 1 | |
| Workshop | 2 | |
| Gryphon Aviary | 1 | |
36 total
» build order
00:45 Farm
01:01 Altar of Kings
01:14 Barracks
01:38 Farm
02:00 Farm
02:11 Lumber Mill
02:19 Blacksmith
02:30 Farm
02:53 Farm
03:38 Farm
03:50 Farm
04:07 Keep
04:33 Scout Tower
04:51 Farm
05:03 Arcane Vault
05:18 Guard Tower
06:39 Town Hall
06:43 Scout Tower
06:45 Scout Tower
06:47 Scout Tower
06:49 Scout Tower
06:54 Castle
07:24 Guard Tower
07:28 Guard Tower
07:40 Guard Tower
07:54 Guard Tower
08:35 Workshop
09:10 Workshop
13:52 Farm
13:57 Farm
14:26 Farm
15:00 Farm
15:38 Farm
26:05 Gryphon Aviary
28:23 Town Hall
33:29 Town Hall
» items
| Scroll of Regeneration | 1 | |
| Scroll of Town Portal | 3 | |
| Potion of Lesser Invulnerability | 2 | |
| Boots of Speed | 1 | |
7 total

»
KingOfTheCrib (
orange | 23 APM | 1112 actions | 47:41)
6 Tauren Chieftain
3 War Stomp
3 Endurance Aura
4 Shadow Hunter
2 Healing Wave
2 Hex
1 Blademaster
1 Critical Strike
» actions
| Basic commands | 5 | |
| Build / train | 91 | |
| ESC pressed | 3 | |
| Enter build submenu | 41 | |
| Enter hero's abilities submenu | 11 | |
| Give item / drop item | 1 | |
| Right click | 405 | |
| Select / deselect | 455 | |
| Use ability | 100 | |
1112 total
» units
| Peon | 22 | |
| Grunt | 4 | |
| Tauren | 10 | |
| Shaman | 10 | |
46 total
» upgrades
| Berserker Strength | 1 | |
| Melee Weapons | 3 | |
| Shaman Training | 2 | |
| Pillage | 1 | |
| Armor | 3 | |
| Pulverize | 1 | |
| Reinforced Defenses | 1 | |
| Spiked Barricades | 1 | |
13 total
» buildings
| Barracks | 1 | |
| Orc Burrow | 17 | |
| Altar of Storms | 1 | |
| Stronghold | 2 | |
| War Mill | 1 | |
| Fortress | 2 | |
| Great Hall | 4 | |
| Spirit Lodge | 1 | |
| Tauren Totem | 1 | |
| Voodoo Lounge | 1 | |
| Watch Tower | 7 | |
38 total
» build order
00:21 Barracks
00:29 Orc Burrow
00:52 Altar of Storms
01:41 Orc Burrow
02:31 Stronghold
03:46 War Mill
03:58 Orc Burrow
05:00 Fortress
05:23 Great Hall
06:06 Spirit Lodge
07:44 Tauren Totem
10:52 Voodoo Lounge
11:07 Watch Tower
11:17 Orc Burrow
11:25 Orc Burrow
13:46 Great Hall
14:12 Orc Burrow
14:15 Orc Burrow
14:48 Orc Burrow
15:28 Orc Burrow
15:39 Stronghold
16:11 Watch Tower
17:27 Orc Burrow
18:50 Fortress
19:11 Orc Burrow
21:08 Orc Burrow
21:18 Orc Burrow
21:21 Watch Tower
22:11 Watch Tower
22:15 Watch Tower
22:32 Orc Burrow
22:35 Watch Tower
23:06 Great Hall
23:12 Watch Tower
23:18 Orc Burrow
23:30 Orc Burrow
24:48 Great Hall
25:30 Orc Burrow
» items
| Scroll of Protection | 1 | |
| Potion of Lesser Invulnerability | 1 | |
| Tiny Great Hall | 1 | |
| Orb of Lightning | 2 | |
| Scroll of Town Portal | 5 | |
| Healing Salve | 3 | |
| Lesser Clarity Potion | 1 | |
14 total
TheKings (
red | 80 APM | 4285 actions | 53:21)
8 Archmage
3 Summon Water Elemental
2 Brilliance Aura
2 Blizzard
1 Mass Teleport
» actions
| Assign group hotkey | 125 | |
| Basic commands | 328 | |
| Build / train | 300 | |
| ESC pressed | 7 | |
| Enter build submenu | 62 | |
| Enter hero's abilities submenu | 9 | |
| Give item / drop item | 42 | |
| Remove unit from queue | 1 | |
| Right click | 1483 | |
| Select / deselect | 546 | |
| Select group hotkey | 1074 | |
| Use ability | 308 | |
4285 total
» units
| Peasant | 21 | |
| Footman | 8 | |
| Goblin Shredder | 3 | |
| Goblin Zeppelin | 3 | |
| Sorceress | 1 | |
| Gryphon Rider | 9 | |
| Goblin Sapper | 7 | |
| Blue Dragon | 2 | |
| Dragonhawk Rider | 3 | |
57 total
» upgrades
| Masonry | 2 | |
| Sorceress Training | 2 | |
| Storm Hammers | 1 | |
| Cloud | 1 | |
| Animal War Training | 1 | |
| Swords | 3 | |
| Armor | 3 | |
| Plating | 3 | |
| Gunpowder | 3 | |
| Priest Training | 1 | |
| Barrage | 1 | |
| Fragmentation Shards | 1 | |
| Flying Machine Bombs | 1 | |
| Flak Cannons | 1 | |
24 total
» buildings
| Altar of Kings | 1 | |
| Barracks | 1 | |
| Farm | 11 | |
| Arcane Vault | 1 | |
| Lumber Mill | 1 | |
| Keep | 1 | |
| Town Hall | 3 | |
| Scout Tower | 45 | |
| Guard Tower | 79 | |
| Arcane Sanctum | 1 | |
| Castle | 3 | |
| Gryphon Aviary | 4 | |
| Blacksmith | 2 | |
| Workshop | 4 | |
| Cannon Tower | 26 | |
183 total
» build order
00:37 Altar of Kings
00:39 Barracks
00:51 Farm
01:04 Farm
01:41 Farm
02:14 Arcane Vault
02:23 Farm
02:40 Farm
03:22 Farm
03:48 Lumber Mill
04:32 Keep
05:02 Town Hall
06:44 Scout Tower
06:46 Scout Tower
06:49 Scout Tower
06:51 Scout Tower
06:54 Scout Tower
07:13 Guard Tower
07:13 Guard Tower
07:13 Guard Tower
07:15 Guard Tower
07:15 Guard Tower
07:15 Guard Tower
07:17 Arcane Sanctum
07:44 Guard Tower
07:44 Guard Tower
08:44 Castle
08:45 Castle
09:39 Gryphon Aviary
09:40 Gryphon Aviary
09:45 Gryphon Aviary
10:15 Scout Tower
10:17 Scout Tower
10:18 Scout Tower
10:23 Town Hall
10:26 Scout Tower
10:27 Scout Tower
10:28 Scout Tower
10:30 Scout Tower
10:46 Guard Tower
10:46 Guard Tower
10:46 Guard Tower
10:50 Guard Tower
10:52 Scout Tower
11:08 Guard Tower
11:09 Guard Tower
11:09 Guard Tower
11:11 Scout Tower
11:12 Scout Tower
11:14 Guard Tower
11:15 Guard Tower
11:15 Guard Tower
11:16 Scout Tower
11:19 Scout Tower
11:22 Guard Tower
11:22 Guard Tower
12:18 Guard Tower
12:18 Guard Tower
12:18 Guard Tower
12:33 Gryphon Aviary
12:37 Blacksmith
12:38 Blacksmith
17:21 Scout Tower
17:22 Scout Tower
17:27 Scout Tower
17:28 Scout Tower
17:29 Scout Tower
17:31 Scout Tower
17:34 Scout Tower
17:37 Scout Tower
17:39 Scout Tower
17:40 Scout Tower
18:12 Guard Tower
18:12 Guard Tower
18:13 Guard Tower
18:13 Guard Tower
18:53 Guard Tower
18:54 Guard Tower
18:54 Guard Tower
19:10 Guard Tower
19:10 Guard Tower
19:10 Guard Tower
20:48 Farm
20:48 Farm
20:49 Farm
24:45 Workshop
24:47 Workshop
24:48 Workshop
24:49 Workshop
25:17 Farm
25:19 Farm
25:24 Scout Tower
25:25 Scout Tower
25:26 Scout Tower
25:27 Scout Tower
25:28 Scout Tower
25:31 Scout Tower
25:33 Scout Tower
25:33 Scout Tower
25:35 Scout Tower
25:36 Scout Tower
25:38 Scout Tower
25:39 Scout Tower
25:42 Scout Tower
25:44 Scout Tower
25:58 Guard Tower
25:59 Guard Tower
25:59 Guard Tower
26:02 Guard Tower
26:03 Guard Tower
26:03 Guard Tower
26:31 Guard Tower
26:31 Guard Tower
26:32 Guard Tower
26:32 Guard Tower
26:32 Guard Tower
26:33 Guard Tower
26:37 Cannon Tower
26:38 Cannon Tower
26:38 Cannon Tower
26:38 Cannon Tower
26:38 Cannon Tower
28:26 Cannon Tower
28:26 Cannon Tower
28:27 Cannon Tower
28:28 Cannon Tower
28:28 Cannon Tower
28:28 Guard Tower
28:28 Guard Tower
28:29 Guard Tower
28:29 Guard Tower
28:29 Guard Tower
28:34 Cannon Tower
28:34 Cannon Tower
28:34 Cannon Tower
28:36 Cannon Tower
28:36 Cannon Tower
28:37 Cannon Tower
28:37 Cannon Tower
28:37 Cannon Tower
28:38 Cannon Tower
29:04 Guard Tower
29:04 Guard Tower
29:05 Guard Tower
29:05 Guard Tower
29:11 Guard Tower
32:09 Town Hall
32:11 Scout Tower
32:12 Scout Tower
32:12 Scout Tower
32:14 Scout Tower
46:18 Guard Tower
» items
| Mechanical Critter | 19 | |
| Scroll of Regeneration | 13 | |
| Ivory Tower | 5 | |
| Staff of Teleportation | 1 | |
| Tome of Retraining | 1 | |
| Periapt of Vitality | 1 | |
| Potion of Invisibility | 1 | |
| Potion of Healing | 6 | |
| Scroll of Town Portal | 4 | |
| Lesser Clarity Potion | 13 | |
| Potion of Lesser Invulnerability | 2 | |
| Staff of Sanctuary | 3 | |
| Orb of Fire | 1 | |
| Potion of Mana | 3 | |
73 total
simmerdown (
yellow | 49 APM | 2605 actions | 53:21)
6 Death Knight
3 Unholy Aura
2 Death Coil
1 Animate Dead
» actions
| Assign group hotkey | 29 | |
| Basic commands | 98 | |
| Build / train | 69 | |
| ESC pressed | 1 | |
| Enter build submenu | 24 | |
| Enter hero's abilities submenu | 6 | |
| Remove unit from queue | 4 | |
| Right click | 1354 | |
| Select / deselect | 515 | |
| Select group hotkey | 434 | |
| Use ability | 69 | |
2605 total
» units
| Acolyte | 5 | |
| Ghoul | 2 | |
| Crypt Fiend | 14 | |
| Obsidian Statue | 3 | |
| Frost Wyrm | 8 | |
| Abomination | 2 | |
34 total
» upgrades
| Creature Attack | 3 | |
| Creature Carapace | 3 | |
| Web | 1 | |
| Freezing Breath | 1 | |
| Disease Cloud | 1 | |
9 total
» buildings
| Altar of Darkness | 1 | |
| Crypt | 2 | |
| Ziggurat | 6 | |
| Graveyard | 1 | |
| Tomb of Relics | 1 | |
| Nerubian Tower | 1 | |
| Halls of the Dead | 1 | |
| Spirit Tower | 3 | |
| Slaughterhouse | 1 | |
| Sacrificial Pit | 2 | |
| Black Citadel | 1 | |
| Boneyard | 1 | |
| Necropolis | 1 | |
22 total
» build order
00:13 Altar of Darkness
00:19 Crypt
00:26 Ziggurat
01:13 Graveyard
01:29 Ziggurat
02:07 Tomb of Relics
02:48 Nerubian Tower
03:36 Ziggurat
04:22 Crypt
05:44 Ziggurat
06:16 Halls of the Dead
06:55 Spirit Tower
07:52 Spirit Tower
07:53 Spirit Tower
09:52 Slaughterhouse
10:05 Sacrificial Pit
12:46 Black Citadel
13:54 Ziggurat
16:10 Sacrificial Pit
18:18 Boneyard
26:38 Ziggurat
29:40 Necropolis
» items
| Rod of Necromancy | 1 | |
| Potion of Healing | 2 | |
| Scroll of Town Portal | 3 | |
| Orb of Corruption | 1 | |
| Scroll of Healing | 2 | |
9 total
Chat log
(00:09 / Allies) KingOfTheCrib: hi
(00:12 / All) KingTurtle: 3 kings in this game
(00:24 / All) KingOfTheCrib: bummer
(00:42 / All) KingTurtle: I will prove that I am the true king
(00:43 / All) NEW.COWBOY: king renly is the rightful king of westeros
(00:45 / All) KingOfTheCrib: too many
(00:48 / All) NEW.COWBOY: stannis
(00:58 / All) KingTurtle: Jon Snow aka Jon Targaryen
(01:06 / All) NEW.COWBOY: just a rumor
(01:14 / All) KingTurtle: Nope 100% solid
(01:14 / All) NEW.COWBOY: i think hes cersei and robert's kid
(01:25 / All) TheKings: The monk is a targaryen too
(01:26 / All) KingTurtle: You're a crack pot
(01:32 / All) BongRipOneSec: hes targaryen
(01:34 / All) NEW.COWBOY: the enunich?
(01:35 / All) KingTurtle: what monk
(01:37 / All) NEW.COWBOY: wut mmonk
(01:47 / All) TheKings: oh yeah the eunoch
(01:50 / All) BongRipOneSec: found lyanna in a bed of blood
(01:52 / All) KingTurtle: Varys is speculated to be a blackfyre from the free cities whatever they're called
(01:59 / All) ILoveToSuck: what on earth are you people talking about
(02:14 / All) NEW.COWBOY: grown up stuff
(02:18 / All) TheKings: lawl
(02:19 / All) ILoveToSuck: oh my bad
(02:35 / All) KingTurtle: Jon was legitimized by Robb too
(02:40 / All) KingTurtle: Plus he's secretly a Targaryen
(02:51 / All) TheKings: plus he's main character
(02:52 / All) KingTurtle: A song of ice and fire which is an overrated fantasy book series
(03:17 / All) TheKings: but also a very overrated tv series adaptation
(03:20 / All) BongRipOneSec: r
(03:27 / All) BongRipOneSec: read the stormlight archinves and thank me :)
(03:29 / All) BongRipOneSec: archives
(03:34 / All) TheKings: green please leave
(03:37 / All) NEW.COWBOY: gbring ur militia
(03:49 / All) KingOfTheCrib: coming
(04:11 / All) TheKings: omfg
(05:20 / Allies) simmerdown: ty
(05:38 / All) TheKings: HOLY SHIT
(05:40 / All) NEW.COWBOY: woot
(05:41 / All) TheKings: THANK GOD
(06:45 / Allies) simmerdown: okay
(09:20 / Allies) simmerdown: w/e we're winning the battle
(10:28 / Allies) simmerdown: b
(11:46 / Allies) KingOfTheCrib: help>?
(13:00 / Allies) simmerdown: i got aa let's fight this
(13:32 / All) NEW.COWBOY: noobs
(13:37 / Allies) KingOfTheCrib: move
(14:22 / Allies) KingOfTheCrib: gold?
(14:32 / Allies) KingOfTheCrib: ty
(15:43 / All) KingTurtle: auto cast web motherfucker
(15:59 / Allies) simmerdown: it's autocast by default lol
(16:35 / Allies) BongRipOneSec: wood please
(16:54 / Allies) KingOfTheCrib: aa
(17:13 / All) KingTurtle: auto cast web queer
(17:17 / All) KingTurtle: 9-12 fuckign scrub
(18:06 / All) TheKings: I hate how invul potion isn't instant
(18:09 / All) TheKings: you click it then don't go invisible
(18:22 / All) KingTurtle: LKOL
(18:29 / All) KingTurtle: fucking auto cast web
(18:32 / All) KingTurtle: biggest bulklshit in the game
(18:37 / Allies) KingOfTheCrib: out
(18:50 / All) TheKings: good players turn it off and manually cast and focus
(19:00 / All) TheKings: should be off to encourage that
(19:25 / Allies) simmerdown: need wood pls
(20:44 / All) KingTurtle: that team is total gay wad
(20:48 / Allies) KingOfTheCrib: pink move your tank up
(20:50 / All) KingTurtle: mass tanks
(21:32 / Allies) simmerdown: tp?
(21:36 / Allies) KingOfTheCrib: aa
(22:57 / All) BongRipOneSec: wtf you doing red?
(23:08 / All) TheKings: blizzarding greens units
(23:15 / Allies) BongRipOneSec: hitting mine bro
(23:31 / Allies) BongRipOneSec: and only mine
(23:34 / Allies) BongRipOneSec: fuck you
(23:34 / All) TheKings: no
(23:37 / All) TheKings: I am hitting his zigggurats
(23:42 / Allies) KingOfTheCrib: wood?
(24:11 / Allies) KingOfTheCrib: gold?
(26:07 / Allies) simmerdown: wait for aa?
(26:16 / All) KingTurtle: God I ahte you orange
(26:29 / Allies) BongRipOneSec: teal here
(26:31 / Allies) BongRipOneSec: go
(28:43 / All) TheKings: My team is noob
(29:02 / All) KingOfTheCrib: i am noob
(29:16 / All) TheKings: exactly
(30:24 / Allies) KingOfTheCrib: they have no gold
(31:43 / Allies) simmerdown: k
(31:56 / Allies) KingOfTheCrib: can you freese towers?
(32:00 / Allies) simmerdown: yes
(33:12 / Allies) KingOfTheCrib: red fucker
(33:23 / Allies) KingOfTheCrib: why did you kill me?
(33:35 / Allies) BongRipOneSec: he did the same to me
(33:41 / Allies) TheKings: You had too many pendants of energy for your own good
(33:44 / Allies) BongRipOneSec: hes better and is now bored by the game i guess
(33:45 / Allies) TheKings: Give them both to me or I kill our whole team
(33:45 / All) NEW.COWBOY: COUNTER
(33:47 / All) NEW.COWBOY: FOR ROME
(33:59 / Allies) TheKings: sound fair orange?
(34:00 / Allies) BongRipOneSec: not sure why he doesnt just solo
(34:16 / Allies) BongRipOneSec: he just killed my units the last time we hit
(34:17 / Allies) TheKings: give pendants of energy
(34:20 / Allies) TheKings: or I kill our whole team
(34:24 / Allies) TheKings: sound fair?
(34:36 / Allies) TheKings: hand 'em over pal
(34:41 / Allies) TheKings: this is a hold up, give pendants or I kill our team
(34:51 / Allies) TheKings: hand them over, buddy
(34:52 / Allies) BongRipOneSec: youre such a douhe
(34:55 / Allies) TheKings: or our whole team loses, orange
(35:06 / Allies) BongRipOneSec: is this how you get off?
(35:14 / Allies) TheKings: bad idea orange
(35:18 / Allies) simmerdown: gold anyone?
(35:20 / Allies) TheKings: hand over the pendants or our team loses
(35:26 / Allies) KingOfTheCrib: fuck you asshole
(35:31 / Allies) TheKings: you could have won this easily
(35:36 / Allies) TheKings: you're greedy and don't want to give 2 items
(35:37 / All) BongRipOneSec: red doesnt have many real friends
(35:41 / Allies) TheKings: who's the asshole? obviously you
(35:48 / Allies) simmerdown: anyone spare some gold
(35:51 / Allies) KingOfTheCrib: you are
(36:00 / Allies) simmerdown: ty
(36:08 / Allies) BongRipOneSec: not like it matters
(36:11 / Allies) BongRipOneSec: red is a fag
(36:15 / Allies) simmerdown: wtf I do to you
(36:20 / Allies) TheKings: you lose because orange didn't give me 2 items
(36:22 / Allies) TheKings: he lost you the game
(36:24 / Allies) TheKings: thank him for the loss
(36:29 / Allies) BongRipOneSec: he needs to get hard before the end of the game
(36:37 / Allies) BongRipOneSec: before everyone leaves him so he can jerk off
(36:59 / Allies) TheKings: orange, how does it feel to cause everyone a loss?
(37:06 / Allies) BongRipOneSec: fuck you red
(37:10 / All) simmerdown: pls kill red
(37:16 / All) ILoveToSuck: why
(37:19 / All) NEW.COWBOY: i am fine where ima t
(37:20 / All) BongRipOneSec: he tking
(37:22 / All) ILoveToSuck: he works for us
(37:24 / All) ILoveToSuck: thats y
(37:25 / All) NEW.COWBOY: do not care
(37:25 / All) TheKings: Orange lost our team the game
(37:28 / All) NEW.COWBOY: i earned the win
(37:29 / All) BongRipOneSec: cuz orange didnt give him pendants...
(37:34 / All) TheKings: He refused to pay for the win with 2 items
(37:38 / All) TheKings: He's greedy and caused a loss
(37:44 / All) BongRipOneSec: we would have been done 20 min ago but his gay ass wouldnt fight
(37:54 / Allies) KingOfTheCrib: you are an asshole
(37:55 / Allies) KingOfTheCrib: red
(38:01 / Allies) TheKings: you lost us the game
(38:02 / Allies) KingOfTheCrib: that's why you lost
(38:03 / Allies) TheKings: you're the asshole
(38:10 / Allies) BongRipOneSec: piece of shit
(38:13 / Allies) BongRipOneSec: tk you every time
(38:15 / All) simmerdown: if red is one of yours why does he need so many towers
(38:30 / All) KingTurtle: KING TURTLE
(38:31 / Allies) KingOfTheCrib: to fuck himself
(38:32 / All) KingTurtle: THE TRUE KING
(38:45 / All) NEW.COWBOY: wut does fml mean
(40:55 / Allies) KingOfTheCrib: blissard pik
(40:56 / Allies) KingOfTheCrib: pink
(41:00 / Allies) KingOfTheCrib: blissard him
(41:25 / Allies) TheKings: he does not have that capability
(41:46 / Allies) KingOfTheCrib: you have capability to suck
(41:51 / Allies) KingOfTheCrib: and loose
(42:13 / Allies) TheKings: you win or lose based on what I want
(42:22 / Allies) KingOfTheCrib: not really
(42:29 / Allies) TheKings: lol
(42:43 / Allies) KingOfTheCrib: you will loose
(42:50 / Allies) KingOfTheCrib: because you're an asshole
(42:58 / Allies) TheKings: because you didn't give 2 pendants
(43:04 / Allies) TheKings: so I made us lose
(43:12 / Allies) TheKings: price of victory was 2 items
(43:15 / Allies) KingOfTheCrib: i don't have to give it to an asshole
(43:15 / Allies) TheKings: you made our team lose
(43:27 / Allies) KingOfTheCrib: that's not the rules of a game
(43:28 / All) KingTurtle: DEATH TO THE BLASPHEMERS
(43:35 / All) KingTurtle: BEHEAD THOSE WHO INSULT THE TRUE KING
(43:37 / All) KingTurtle: GOD WILLS IT
(43:37 / All) ILoveToSuck: isis is coming
(43:48 / Allies) KingOfTheCrib: harassing your teammates will get you fucked up every time
(43:58 / Allies) TheKings: maybe for a player on your level
(44:08 / Allies) KingOfTheCrib: what level
(44:20 / All) simmerdown: i rather lose than win with this red on our team anyway
(44:21 / Allies) KingOfTheCrib: i don't care about any level
(44:26 / All) NEW.COWBOY: done
(44:32 / Allies) TheKings: you aren't very smart
(44:33 / Allies) KingOfTheCrib: this is normal communication
(44:41 / All) TheKings: Yes a 0-0 player cares about their record yellow
(44:41 / Allies) KingOfTheCrib: how do you know?
(44:42 / All) KingTurtle: THE IDLE BLASHPEMY OF AN INFIDEL
(44:45 / All) TheKings: I lost, you've sure got me
(45:02 / All) NEW.COWBOY: LOVE TAP TIME
(45:33 / All) ILoveToSuck: red
(45:37 / All) ILoveToSuck: why u hating all game
(45:48 / All) NEW.COWBOY: red ia beast
(45:49 / All) NEW.COWBOY: is
(45:52 / Allies) KingOfTheCrib: purp detonate bats
(46:01 / All) KingOfTheCrib: purp detonate bats
(46:02 / All) TheKings: "PURP DETONATE BATS" ORANGE CRIES IN ALLIED CHAT
(46:11 / All) KingTurtle: lawl
(46:17 / All) KingOfTheCrib: red is an asshole
(46:18 / All) KingTurtle: the 4 bats will do a big splash
(46:25 / All) KingOfTheCrib: can't read
(46:27 / All) TheKings: yeah enough to kill 100 food t3
(46:46 / All) KingTurtle: Time for the usual, boys
(46:50 / All) NEW.COWBOY: mr blue do u want control of my
(47:45 / All) NEW.COWBOY: ok
(47:48 / All) NEW.COWBOY: yes blue will stay
(47:55 / All) NEW.COWBOY: time to kill our units
(48:00 / All) TheKings: Blue, yellow, pink, listen up
(48:03 / All) TheKings: Teal, purple and I are in a team
(48:08 / All) TheKings: We are going to kill everything including our own units
(48:13 / All) TheKings: There will be no way to finish the other team
(48:20 / All) TheKings: You will be up against blue in a standoff
(48:22 / All) NEW.COWBOY: very
(48:26 / All) TheKings: Does that sound fair?
(48:26 / All) ILoveToSuck: wowwwwwwwwwwwwwwwww.
(48:30 / All) TheKings: Each side will have an even chance to win
(48:39 / All) ILoveToSuck: no lives eh.
(48:44 / All) simmerdown: gotta love classy players
(49:10 / All) ILoveToSuck: its funny they spent all this time doing this
(49:16 / All) ILoveToSuck: like what a life.
(49:20 / All) NEW.COWBOY: we'll leave some zepplins
(49:32 / All) TheKings: I gave them some critters
(49:40 / All) TheKings: and a treasure trove to look at
(49:43 / All) ILoveToSuck: absolute losers lol
(49:48 / All) ILoveToSuck: im dying of laughter
(50:09 / All) ILoveToSuck: thiiiiiisss is what ppl do with their time
(50:23 / All) KingTurtle: Yeah cuz playing straight up is somehow more worthwhile LOL
(50:24 / All) TheKings: well I need something to do when I'm not spending 3 hours practising different instruments or studying languages
(50:30 / All) KingTurtle: This is what retards really believe
(50:34 / All) ILoveToSuck: k bye im minimizing
(50:45 / All) TheKings: they act like we do this all day
(50:57 / All) simmerdown: gl hf afk
(51:44 / All) TheKings: Yellow versus blue
(51:48 / All) TheKings: in a battle of two!
(52:20 / All) TheKings: just my last hall now
(52:23 / All) KingTurtle: all ready?
(53:10 / All) TheKings: I'm ready
(53:13 / All) TheKings: Good luck everyone
(53:16 / All) KingTurtle: Good luck ya'll
(53:16 / All) TheKings: LET IT BEGIN, LET IT BEGIN!